 Dungeon Crawl Stone Soup version 0.21.1-1-g345015f (webtiles) character file.

245 robbits the Charmwright (level 6, -2/50 HPs)
             Began as a Gnoll Skald on May 20, 2018.
             Slain by a gnoll
             ... wielding a +0 flail
              (10 damage)
             ... on level 3 of the Dungeon.
             The game lasted 00:09:40 (1913 turns).

robbits the Charmwright (Gnoll Skald)               Turns: 1913, Time: 00:09:41

Health: -2/50      AC:  3    Str: 15    XL:     6   Next: 10%
Magic:  1/13       EV: 14    Int: 16    God:
Gold:   93         SH:  0    Dex: 14    Spells: 7/15 levels left

rFire    . . .     SeeInvis .   e - +1 dagger (elec)
rCold    . . .     Gourm    .   (no shield)
rNeg     . . .     Faith    .   b - +0 leather armour
rPois    .         Spirit   .   (no helmet)
rElec    .         Reflect  .   (no cloak)
rCorr    .         Harm     .   (no gloves)
MR       .....                  (no boots)
Stlth    ++........             (no amulet)
HPRegen  0.16/turn              (no ring)
MPRegen  0.13/turn              (no ring)

@: infused, singing (expiring), drained
A: distributed training, fangs 1, strong nose
a: no special abilities


You were on level 3 of the Dungeon.
You were hungry.

You visited 1 branch of the dungeon, and saw 3 of its levels.

You collected 93 gold pieces.

Inventory:

Hand Weapons
 a - a +0 hand axe
 e - a +1 dagger of electrocution (weapon)
Missiles
 p - 31 sling bullets
Armour
 b - a +0 leather armour (worn)
Jewellery
 n - a +4 ring of intelligence {unknown}
Scrolls
 f - 3 scrolls of teleportation
 h - 2 scrolls of remove curse {unknown}
 j - a scroll of amnesia {unknown}
 l - a scroll of blinking {unknown}
 m - 2 scrolls of identify {unknown}
Potions
 g - a potion of invisibility {unknown}
 i - a potion of flight {unknown}
 o - a potion of heal wounds {unknown}
Books
 c - a book of Battle

   Spells                             Type                      Level
   a - Infusion                       Charms                       1
   b - Shroud of Golubria             Charms/Translocation         2
   c - Song of Slaying                Charms                       2
   d - Spectral Weapon                Hexes/Charms                 3
   e - Regeneration                   Charms/Necromancy            3
Comestibles
 d - 5 rations


   Skills:
 + Level 4.9(4.8) Fighting
 + Level 1.7(1.6) Short Blades
 + Level 1.7(1.6) Long Blades
 + Level 4.9(4.8) Axes
 + Level 1.7(1.6) Maces & Flails
 + Level 1.7(1.6) Polearms
 + Level 1.7(1.6) Staves
 + Level 1.7(1.6) Slings
 + Level 1.7(1.6) Bows
 + Level 1.7(1.6) Crossbows
 + Level 1.7(1.6) Throwing
 + Level 3.1(3.0) Armour
 + Level 4.9(4.8) Dodging
 + Level 1.7(1.6) Stealth
 + Level 1.7(1.6) Shields
 + Level 1.7(1.6) Unarmed Combat
 + Level 5.3(5.2) Spellcasting
 + Level 1.3 Conjurations
 + Level 1.3 Hexes
 + Level 5.6(5.5) Charms
 + Level 1.3 Summonings
 + Level 1.3 Necromancy
 + Level 1.3 Translocations
 + Level 1.3 Transmutations
 + Level 1.3 Fire Magic
 + Level 1.3 Ice Magic
 + Level 1.3 Air Magic
 + Level 1.3 Earth Magic
 + Level 1.3 Poison Magic
 + Level 2.0(1.9) Invocations
 + Level 1.7(1.6) Evocations


You had 7 spell levels left.
You knew the following spells:

 Your Spells              Type           Power        Failure   Level  Hunger
a - Infusion              Chrm           ###.         1%          1    None
b - Song of Slaying       Chrm           ###.....     2%          2    #......
c - Shroud of Golubria    Chrm/Tloc      ###.......   7%          2    #......
d - Regeneration          Chrm/Necr      ###.......   13%         3    ###....


Dungeon Overview and Level Annotations

Branches:
Dungeon (3/15)

Altars:


Innate Abilities, Weirdness & Mutations

Your experience applies equally to all skills.
You have very sharp teeth.
Your uncanny sense of smell can sniff out nearby items.


Message History

Your magical contamination has completely faded away.
An adder comes into view.
The adder hisses angrily.
The adder moves out of view.
The gnoll barely misses you.
Things that are here:
a glowing leather armour; a wand of random effects (15)
You hit the gnoll!
The gnoll is almost dead.
The gnoll hits you with a spear.
* * * LOW HITPOINT WARNING * * *
Casting: Shroud of Golubria
Confirm with . or Enter, or press ? or * to list all spells.
You don't have enough magic to cast that spell.
You hit the gnoll.
You kill the gnoll!
Your base Invocations skill increases to level 2!
You hit the gnoll. You punch the gnoll.
The gnoll is heavily wounded.
The gnoll hits you with a flail!
You die...

####### .# ......# g#
......# .# ......# ##.##
......# #.gg #############
#..###### #...........#
#........
............######S######
................@gK..>....
............######.#######
#...........# #.#
#...........# ###
#...........#
#...........##♣♣♣ ♣
..............P.♣.♣
..............PP.♣
..............P.♣♣


You could see a gnoll, an adder and a kobold.

Vanquished Creatures
  An orc priest (D:3)
  Ijyb (D:3)
  6 gnolls (D:3)
  4 adders (D:2)
  An ooze (D:2)
  3 worms (D:2)
  5 dart slugs
  A leopard gecko (D:3)
  6 orcs (D:3)
  2 ball pythons
  6 bats
  3 giant cockroaches
  9 goblins
  5 hobgoblins
  6 kobolds
  4 quokkas (D:2)
  5 frilled lizards
  4 rats
72 creatures vanquished.

Notes
Turn   | Place    | Note
-------+----------+-------------------------------------------
     0 | D:1      | robbits the Gnoll Skald began the quest for the Orb.
     0 | D:1      | Reached XP level 1. HP: 20/20 MP: 6/6
   125 | D:1      | Reached XP level 2. HP: 17/26 MP: 7/7
   179 | D:1      | Learned a level 2 spell: Song of Slaying
   182 | D:1      | Learned a level 2 spell: Shroud of Golubria
   778 | D:2      | Reached skill level 5 in Spellcasting
   778 | D:2      | Reached XP level 3. HP: 25/31 MP: 7/9
   798 | D:2      | Learned a level 3 spell: Regeneration
   834 | D:2      | Reached skill level 1 in Invocations
   907 | D:2      | Reached skill level 1 in Short Blades
   907 | D:2      | Reached skill level 1 in Long Blades
   907 | D:2      | Reached skill level 1 in Maces & Flails
   907 | D:2      | Reached skill level 1 in Polearms
   907 | D:2      | Reached skill level 1 in Staves
   907 | D:2      | Reached skill level 1 in Slings
   907 | D:2      | Reached skill level 1 in Bows
   907 | D:2      | Reached skill level 1 in Crossbows
   907 | D:2      | Reached skill level 1 in Throwing
   907 | D:2      | Reached skill level 1 in Stealth
   907 | D:2      | Reached skill level 1 in Shields
   907 | D:2      | Reached skill level 1 in Unarmed Combat
   907 | D:2      | Reached skill level 1 in Evocations
   917 | D:2      | Reached XP level 4. HP: 25/38 MP: 11/11
  1347 | D:2      | Reached skill level 1 in Conjurations
  1347 | D:2      | Reached skill level 1 in Hexes
  1347 | D:2      | Reached skill level 1 in Summonings
  1347 | D:2      | Reached skill level 1 in Necromancy
  1347 | D:2      | Reached skill level 1 in Translocations
  1347 | D:2      | Reached skill level 1 in Transmutations
  1347 | D:2      | Reached skill level 1 in Fire Magic
  1347 | D:2      | Reached skill level 1 in Ice Magic
  1347 | D:2      | Reached skill level 1 in Air Magic
  1347 | D:2      | Reached skill level 1 in Earth Magic
  1347 | D:2      | Reached skill level 1 in Poison Magic
  1627 | D:3      | Reached XP level 5. HP: 35/43 MP: 5/12
  1884 | D:3      | Noticed Ijyb
  1909 | D:3      | Killed Ijyb
  1909 | D:3      | Reached XP level 6. HP: 13/50 MP: 1/13
  1913 | D:3      | Slain by a gnoll

Skill      XL: |  1  2  3  4  5  6 |
---------------+-------------------+-----
Spellcasting   | 5 |  5.3
Invocations    | 1 2 |  2.0
Short Blades   | 1 |  1.7
Long Blades    | 1 |  1.7
Maces & Flails | 1 |  1.7
Polearms       | 1 |  1.7
Staves         | 1 |  1.7
Slings         | 1 |  1.7
Bows           | 1 |  1.7
Crossbows      | 1 |  1.7
Throwing       | 1 |  1.7
Stealth        | 1 |  1.7
Shields        | 1 |  1.7
Unarmed Combat | 1 |  1.7
Evocations     | 1 |  1.7
Conjurations   | 1 |  1.3
Hexes          | 1 |  1.3
Summonings     | 1 |  1.3
Necromancy     | 1 |  1.3
Translocations | 1 |  1.3
Transmutations | 1 |  1.3
Fire Magic     | 1 |  1.3
Ice Magic      | 1 |  1.3
Air Magic      | 1 |  1.3
Earth Magic    | 1 |  1.3
Poison Magic   | 1 |  1.3
Armour         | 3 |  3.1
Fighting       | |  4.9
Axes           | |  4.9
Dodging        | |  4.9
Charms         | |  5.6

Action                   |  1- 3 |  4- 6 || total
-------------------------+-------+-------++-------
Melee: Dagger            |    68 |   116 ||   184
       Hand axe          |     9 |       ||     9
       Bite              |    10 |     9 ||    19
       Punch             |       |     1 ||     1
 Cast: Infusion          |       |     4 ||     4
       Shroud of Golubri |       |     3 ||     3
       Song of Slaying   |       |     3 ||     3
  Use: Scroll            |     2 |       ||     2
       Potion            |       |     3 ||     3
 Stab: Sleeping          |     1 |     2 ||     3
  Eat: Chunk             |       |     3 ||     3
Armor: Leather armour    |    18 |    15 ||    33
Dodge: Dodged            |    66 |    74 ||   140
